 Dungeon Crawl Stone Soup version 0.27-a0-1200-g94dc6ad4cf (webtiles) character file.

Game seed: 1373678781238245207

72 casanoah the Magician (level 4, -1/31 HPs)
             Began as a Djinni Hedge Wizard on May 26, 2021.
             Slain by a quokka (4 damage)
             ... on level 2 of the Dungeon on May 30, 2021.
             The game lasted 00:05:51 (4736 turns).

casanoah the Magician (Djinni Hedge Wizard)         Turns: 4736, Time: 00:05:51

Health: -1/31      AC:  2    Str:  9    XL:     4   Next: 50%
Gold:   154        EV: 12    Int: 16    God:
                   SH:  0    Dex: 13

rFire    + + .     SeeInvis .   h - +3 dagger
rCold    x . .     Faith    .   (no shield)
rNeg     . . .     Spirit   .   b - +0 robe
rPois    ∞         Reflect  .   c - +0 hat
rElec    .         Harm     .   (no cloak)
rCorr    .         Rampage  .   (no gloves)
Will     .....                  (boots unavailable)
Stlth    ++........             (no amulet)
HPRegen  0.10/turn              (no ring)
MPRegen  0.00/turn              (no ring)

@: flying
A: sickness immunity, fire resistance 2, cold vulnerability 1, float, innate
caster, hp casting, extra vitality 1
a: no special abilities


You were on level 2 of the Dungeon.
You visited 1 branch of the dungeon, and saw 3 of its levels.

You collected 154 gold pieces.

Inventory:

Hand Weapons
 h - a +3 dagger (weapon)
Armour
 b - a +0 robe (worn)
 c - a +0 hat (worn)
Scrolls
 a - a scroll of magic mapping {unknown}
 d - a scroll of teleportation {unknown}
 e - a scroll of blinking {unknown}
 f - 3 scrolls of identify {unknown}
 g - a scroll of enchant weapon {unknown}
 i - a scroll of noise {unknown}
 k - a scroll of enchant armour {unknown}


   Skills:
 + Level 2.3 Dodging
 + Level 1.8 Stealth
 + Level 3.7 Spellcasting


You couldn't memorise any spells.
You knew the following spells:

 Your Spells              Type           Power      Damage    Failure   Level
a - Magic Dart            Conj           60%        1d6       3%          1
b - Blink                 Tloc           N/A        N/A       5%          2
c - Call Imp              Summ           15%        N/A       5%          2
d - Slow                  Hex            15%        N/A       5%          2
e - Conjure Flame         Conj/Fire      15%        6-21      11%         3
f - Mephitic Cloud        Conj/Pois/Air  15%        N/A       11%         3
g - Pain                  Necr           60%        1d7       3%          1
Your spell library was empty.

Dungeon Overview and Level Annotations

Branches:
Dungeon (3/15)

Altars:

Annotations:
D:3 Ijyb


Innate Abilities, Weirdness & Mutations

You are immune to sickness and miasma.
You are immune to poison.
Your flesh is very heat resistant. (rF++)
You are vulnerable to cold. (rC-)
You float through the air rather than walking.
You learn spells naturally, not from books.
Your magical power is your life essence.
You have superior vitality. (+4 HP)


Message History

Aim: Ijyb, wielding a +0 club, wearing a +0 leather armour and carrying a wand of mindburst (10) (heavily wounded, confused, 100% to hit)
The magic dart hits Ijyb.
Ijyb is severely wounded.
A quokka comes into view.
The quokka bites you.
* * * LOW HITPOINT WARNING * * *
Found an escape hatch in the ceiling.
Found a stone staircase leading down.
Casting: Magic Dart (safe; 3% risk of failure)
Confirm with . or Enter, or press ? or * to list all spells.
The spell is quite dangerous to cast (11% risk of failure)!
Continue anyway?
Aiming: Mephitic Cloud (quite dangerous; 11% risk of failure)
Press: ? - help, Shift-Dir - straight line, f/p - Ijyb
Aim: Ijyb, wielding a +0 club, wearing a +0 leather armour and carrying a wand of mindburst (10) (severely wounded, confused, chance to affect: 86%)
The ball explodes into a vile cloud!
The stinking cloud engulfs Ijyb but does no damage.
Ijyb is severely wounded.
The stinking cloud engulfs you but does no damage.
* * * LOW HITPOINT WARNING * * *
Ijyb is engulfed in noxious fumes.
Ijyb appears confused.
Unknown command.
The quokka closely misses you.
Ijyb is engulfed in noxious fumes.
Ijyb appears confused.
Things that are here:
a +0 dagger; a +0 plate armour; a goblin corpse The quokka misses you.
There is an escape hatch in the ceiling here.
The quokka misses you. A mysterious force pulls you upwards.
The hatch slams shut behind you.
Casting: Mephitic Cloud (quite dangerous; 11% risk of failure)
Confirm with . or Enter, or press ? or * to list all spells.
You blink.
* * * LOW HITPOINT WARNING * * *
Casting: Blink (safe; 5% risk of failure)
Confirm with . or Enter, or press ? or * to list all spells.
You blink.
* * * LOW HITPOINT WARNING * * *
Your magical contamination has completely faded away.
The quokka closely misses you. The quokka bites you.
You die...

........#
#..####........#...#
..####..##
#.......############ ..#
#...# #..###..########...#
..# #...##
#.................). ..#
#....####..###..########..†#
### #.........[.(...# #...#
#.##..####.#.##.# #...#
#)###.####......# #...#
###.###.....r@...<# ###...#
#........#####.#..# #.#...#
#.........# #.#..# #.#####
#.........## #.#..# #.#....
##..........# #.#..# #.#....
#.........#.###.#..# #.#....
#=#####...#..##.#..# #.#....
#.'.#.'...##.##.#..# #.#....
#.#####...##..#.#..# #.#####


You could see a quokka.

Vanquished Creatures
  An adder (D:3)
  A worm (D:2)
  4 dart slugs (D:2)
  11 ball pythons
  2 endoplasms (D:1)
  A giant cockroach (D:1)
  7 goblins
  2 hobgoblins
  2 jackals (D:1)
  2 kobolds
  A quokka (D:1)
  6 bats
  2 frilled lizards
  11 rats
53 creatures vanquished.

Vanquished Creatures (others)
  A plant (D:1)
1 creature vanquished.

Grand Total: 54 creatures vanquished

Notes
Turn   | Place    | Note
-------+----------+-------------------------------------------
     0 | D:1      | casanoah the Djinni Hedge Wizard began the quest for the
                  | Orb.
     0 | D:1      | Reached XP level 1. HP: 15/15 MP: 0/0
   204 | D:1      | Reached XP level 2. HP: 17/21 MP: 0/0
   749 | D:1      | Reached skill level 3 in Spellcasting
  1185 | D:1      | Reached XP level 3. HP: 24/25 MP: 0/0
  1185 | D:1      | Learned a level 1 spell: Pain
  1210 | D:1      | Upgraded the game from 0.27-a0-1193-g8631133539 to
                  | 0.27-a0-1200-g94dc6ad4cf
  3255 | D:2      | Reached XP level 4. HP: 29/31 MP: 0/0
  3830 | D:3      | Noticed Ijyb
  4736 | D:2      | Slain by a quokka

Illustrated notes

Levels and vault maps discovered:
D:1:      eino_arrival_water_cross, layout_basic
D:2:      layout_basic, minmay_rat_gold_closets
D:3:      layout_loops_ring, ebering_ecumenical_altar_webs, minmay_quantized,
          uniq_ijyb, uniq_crazy_yiuf_cottage

Skill      XL: |  1  2 |
---------------+-------+-----
Spellcasting   | 3 |  3.7
Dodging        | |  2.3
Stealth        | |  1.8

Action                   |  1- 3 |  4- 6 || total
-------------------------+-------+-------++-------
Melee: Dagger            |     2 |       ||     2
 Cast: Magic Dart        |    94 |    37 ||   131
       Conjure Flame     |     1 |       ||     1
       Slow              |     1 |       ||     1
       Mephitic Cloud    |       |     3 ||     3
       Pain              |       |     3 ||     3
       Blink             |       |     2 ||     2
  Use: Potion            |       |     1 ||     1
Armor: Robe              |     3 |     1 ||     4
Dodge: Dodged            |     8 |     7 ||    15

Table legend: (Time is in decaauts)
 A = Elapsed time spent in this place.
 B = Non-inter-level travel time spent in this place.
 C = Inter-level travel time spent in this place.
 D = Time resting spent in this place.
 E = Time spent auto-exploring this place.
 F = Levels seen in this place.
 G = Mean time per level.
                   A        B        C        D        E       F      G
               +--------+--------+--------+--------+--------+-----+--------+
         Total |   4739 |   4505 |    234 |   2078 |   2099 |   3 | 1579.7 |
       Dungeon |   4739 |   4505 |    234 |   2078 |   2099 |   3 | 1579.7 |
               +--------+--------+--------+--------+--------+-----+--------+

Top non-repeatable levels by time:
     D:2: 2475 daAuts
     D:1: 1978 daAuts
     D:3: 285 daAuts
